AoeStats
← Milla Magia

Socotra

505477555Analyzed
2v2 RM · 23d ago on Sep 9, 2026· 26m 3s· 4 players
Game mode
Random Map
Map size
Tiny (2 player)
Population
200
Speed
Normal
Resources
Standard
Victory
Conquest
Starting age
Dark Age
Ending age
Imperial Age
RankedLock teamsTeams togetherTeam positionsShared explorationLock speedFull tech treeHidden civsTurbo modeCheats
Victory
Defeat
🇵🇱 Teutons · Poland
1149
+12
🇫🇮 Bulgarians · Finland
1106
+14
🇩🇪 Bulgarians · Germany
1071
-13
🇹🇷 Chinese · Türkiye
1060
-13
Thoth
6:03 Loom
10:50 Feudal Age
12:50 Forging
15:42 Scale Mail Armor
20:19 Arson
26:56 Castle Age
OFA
0:27 Loom
11:24 Feudal Age
16:16 Padded Archer Armor
16:06 Fletching
22:34 Castle Age
22:36 Crossbowman
23:25 Double-Bit Axe
25:07 Leather Archer Armor
Bodziu
0:27 Loom
11:45 Feudal Age
11:50 Man-at-Arms
17:32 Fletching
21:10 Castle Age
25:54 Bodkin Arrow
Milla Magia
7:30 Loom
9:45 Feudal Age
10:20 Double-Bit Axe
10:31 Horse Collar
14:08 Forging
14:55 Scale Mail Armor
16:39 Scale Mail Armor
21:29 Castle Age
21:02 Arson
22:27 Chain Mail Armor
22:02 Gambesons
26:06 Fletching
Connection lost

Rejoining the realm…

Still unreachable

The connection could not be restored.

Session expired

The server has moved on; the page needs a fresh start.